PR
LADUE RAMS @ TULSA OTTERS
07/14/2032
 
TOP OF THE 1ST
Ladue Rams batting - Pitching for Tulsa Otters : RHP Kingston Liniak
Pitching: RHP Kingston Liniak
Batting: LHB Mihai Dumitru 0-0: Swinging Strike
0-1: Foul Ball, location: 2F
0-2: Strikes out swinging
Batting: RHB Curt Taylor 0-0: Called Strike
0-1: Ball
1-1: Called Strike
1-2: Strikes out swinging
Batting: RHB Ik-jun Cho 0-0: Called Strike
0-1: SINGLE (Line Drive, 78S)
Batting: LHB Qing-nian Zexian 0-0: Ball
1-0: Ball
2-0: Called Strike
2-1: Swinging Strike
2-2: Strikes out swinging
Top of the 1st over - 0 runs, 1 hit, 0 errors, 1 left on base; Ladue 0 - Tulsa 0
BOTTOM OF THE 1ST
Tulsa Otters batting - Pitching for Ladue Rams : RHP Brian Guilbert
Pitching: RHP Brian Guilbert
Batting: RHB Fernando Montáñez 0-0: Ball
1-0: Ball
2-0: Foul Ball, location: 2F
2-1: Foul Ball, location: 2F
2-2: Strikes out swinging
Batting: RHB Brian Rowe 0-0: Ball
1-0: Ball
2-0: Called Strike
2-1: Swinging Strike
2-2: Foul Ball, location: 2F
2-2: Strikes out looking
Batting: RHB Michel Morand 0-0: Ball
1-0: Foul Ball, location: 2F
1-1: Ball
2-1: Ball
3-1: Foul Ball, location: 2F
3-2: Foul Ball, location: 2F
3-2: Strikes out swinging
Bottom of the 1st over - 0 runs, 0 hits, 0 errors, 0 left on base; Ladue 0 - Tulsa 0
TOP OF THE 2ND
Ladue Rams batting - Pitching for Tulsa Otters : RHP Kingston Liniak
Batting: RHB Téo Kremer 0-0: Ball
1-0: Called Strike
1-1: Called Strike
1-2: Foul Ball, location: 2F
1-2: Strikes out swinging
Batting: RHB Y-Tic Amanap 0-0: Ball
1-0: Fly out, F3 (Popup, 34)
Batting: SHB Eric Quick 0-0: Called Strike
0-1: DOUBLE (Line Drive, 9LM)
Batting: RHB Lex van Esch 0-0: Called Strike
0-1: Ball
1-1: Foul Ball, location: 2F
1-2: Fly out, F8 (Flyball, 78D)
Top of the 2nd over - 0 runs, 1 hit, 0 errors, 1 left on base; Ladue 0 - Tulsa 0
BOTTOM OF THE 2ND
Tulsa Otters batting - Pitching for Ladue Rams : RHP Brian Guilbert
Batting: RHB Lenny Penaligan 0-0: Ball
1-0: Ball
2-0: Ball
3-0: Base on Balls
Batting: RHB Louis Chevrolet 0-0: Called Strike
Throwing error on steal attempt, E2
Lenny Penaligan to third
0-1: DOUBLE (Line Drive, 9LM)
Lenny Penaligan scores
Batting: RHB Zee-loo Li 0-0: SINGLE (Groundball, 56D)
Louis Chevrolet to third
Batting: SHB Naif Na'Il bin Musa 0-0: Called Strike
0-1: Swinging Strike
0-2: Strikes out looking
Batting: RHB Charlie Passell 0-0: Called Strike
0-1: Ball
1-1: Swinging Strike
1-2: Strikes out swinging
Batting: RHB Jaypee Layug 0-0: Fielders Choice at 2nd, 6-4 (Groundball, 6)
Bottom of the 2nd over - 1 run, 2 hits, 1 error, 2 left on base; Ladue 0 - Tulsa 1
TOP OF THE 3RD
Ladue Rams batting - Pitching for Tulsa Otters : RHP Kingston Liniak
Batting: RHB Jurg Stevense 0-0: Ball
1-0: Called Strike
1-1: Foul Ball, location: 2F
1-2: Ball
2-2: Ground out 4-3 (Groundball, 4)
Batting: LHB Mihai Dumitru 0-0: Ball
1-0: Ball
2-0: Ball
3-0: Called Strike
3-1: Called Strike
3-2: Base on Balls
Batting: RHB Curt Taylor 0-0: Called Strike
0-1: Ball
1-1: Foul Ball, location: 2F
1-2: Ball
2-2: Ball
3-2: Foul Ball, location: 2F
3-2: Strikes out swinging
Batting: RHB Ik-jun Cho 0-0: Foul Ball, location: 2F
0-1: Ball
1-1: Swinging Strike
1-2: Ball
2-2: Foul Ball, location: 2F
2-2: Ground out 5-3 (Groundball, 5S)
Top of the 3rd over - 0 runs, 0 hits, 0 errors, 1 left on base; Ladue 0 - Tulsa 1
BOTTOM OF THE 3RD
Tulsa Otters batting - Pitching for Ladue Rams : RHP Brian Guilbert
Batting: RHB Fernando Montáñez 0-0: Called Strike
0-1: Ground out 5-3 (Groundball, 56S)
Batting: RHB Brian Rowe 0-0: Called Strike
0-1: Called Strike
0-2: Ground out 3-1 (Groundball, 3S)
Batting: RHB Michel Morand 0-0: Called Strike
0-1: Ground out 6-3 (Groundball, 6)
Bottom of the 3rd over - 0 runs, 0 hits, 0 errors, 0 left on base; Ladue 0 - Tulsa 1
TOP OF THE 4TH
Ladue Rams batting - Pitching for Tulsa Otters : RHP Kingston Liniak
Batting: LHB Qing-nian Zexian 0-0: Foul Ball, location: 2F
0-1: Ball
1-1: Fly out, F7 (Flyball, 78S)
Batting: RHB Téo Kremer 0-0: Called Strike
0-1: Swinging Strike
0-2: Foul Ball, location: 2F
0-2: Foul Ball, location: 2F
0-2: Ball
1-2: Strikes out swinging
Batting: RHB Y-Tic Amanap 0-0: Swinging Strike
0-1: Ball
1-1: Swinging Strike
1-2: Strikes out swinging
Top of the 4th over - 0 runs, 0 hits, 0 errors, 0 left on base; Ladue 0 - Tulsa 1
BOTTOM OF THE 4TH
Tulsa Otters batting - Pitching for Ladue Rams : RHP Brian Guilbert
Batting: RHB Lenny Penaligan 0-0: Ball
1-0: Called Strike
1-1: Ball
2-1: SINGLE (Line Drive, 89M)
Batting: RHB Louis Chevrolet 0-0: Called Strike
0-1: Foul Ball, location: 2F
0-2: SINGLE (Line Drive, 4MD)
Lenny Penaligan to second
Batting: RHB Zee-loo Li 0-0: Ball
1-0: Foul Ball, location: 2F
1-1: Swinging Strike
1-2: Foul Ball, location: 2F
1-2: Fly out, F8 (Flyball, 8RD)
Batting: SHB Naif Na'Il bin Musa 0-0: Swinging Strike
0-1: Foul Ball, location: 2F
0-2: Foul Ball, location: 2F
0-2: Foul Ball, location: 2F
0-2: Strikes out looking
Batting: RHB Charlie Passell 0-0: Fly out, F3 (Line Drive, 3)
Bottom of the 4th over - 0 runs, 2 hits, 0 errors, 2 left on base; Ladue 0 - Tulsa 1
TOP OF THE 5TH
Ladue Rams batting - Pitching for Tulsa Otters : RHP Kingston Liniak
Batting: SHB Eric Quick 0-0: Foul Ball, location: 2F
0-1: Called Strike
0-2: SINGLE (Groundball, 34D)
Batting: RHB Lex van Esch 0-0: Sac Bunt - play at second, runner OUT! 1-6
Batting: RHB Jurg Stevense 0-0: Called Strike
0-1: Called Strike
0-2: Ball
1-2: Strikes out swinging
Batting: LHB Mihai Dumitru 0-0: Fly out, F8 (Flyball, 89XD)
Top of the 5th over - 0 runs, 1 hit, 0 errors, 1 left on base; Ladue 0 - Tulsa 1
BOTTOM OF THE 5TH
Tulsa Otters batting - Pitching for Ladue Rams : RHP Brian Guilbert
Batting: RHB Jaypee Layug 0-0: Ball
1-0: Called Strike
1-1: Ground out 5-3 (Groundball, 2L)
Batting: RHB Fernando Montáñez 0-0: Ball
1-0: Called Strike
1-1: Swinging Strike
1-2: Ball
2-2: Foul Ball, location: 2F
2-2: Ground out 2-3 (Groundball, 2L)
Batting: RHB Brian Rowe 0-0: Ball
1-0: Ball
2-0: Ball
3-0: Called Strike
3-1: Swinging Strike
3-2: Foul Ball, location: 2F
3-2: Strikes out swinging
Bottom of the 5th over - 0 runs, 0 hits, 0 errors, 0 left on base; Ladue 0 - Tulsa 1
TOP OF THE 6TH
Ladue Rams batting - Pitching for Tulsa Otters : RHP Kingston Liniak
Batting: RHB Curt Taylor 0-0: Called Strike
0-1: Swinging Strike
0-2: Ball
1-2: Strikes out swinging
Batting: RHB Ik-jun Cho 0-0: Foul Ball, location: 2F
0-1: Ground out 5-3 (Groundball, 25)
Batting: LHB Qing-nian Zexian 0-0: Called Strike
0-1: Ball
1-1: Ground out 5-3 (Groundball, 5L)
Top of the 6th over - 0 runs, 0 hits, 0 errors, 0 left on base; Ladue 0 - Tulsa 1
BOTTOM OF THE 6TH
Tulsa Otters batting - Pitching for Ladue Rams : RHP Brian Guilbert
Batting: RHB Michel Morand 0-0: Called Strike
0-1: Ball
1-1: Ground out 5-3 (Groundball, 56S)
Batting: RHB Lenny Penaligan 0-0: Foul Ball, location: 2F
0-1: Swinging Strike
0-2: Foul Ball, location: 2F
0-2: Ball
1-2: Ball
2-2: Ball
3-2: Strikes out looking
Batting: RHB Louis Chevrolet 0-0: Called Strike
0-1: Called Strike
0-2: Foul Ball, location: 2F
0-2: Foul Ball, location: 2F
0-2: Foul Ball, location: 2F
0-2: Foul Ball, location: 2F
0-2: Ball
1-2: Fly out, F8 (Flyball, 8LD)
Bottom of the 6th over - 0 runs, 0 hits, 0 errors, 0 left on base; Ladue 0 - Tulsa 1
TOP OF THE 7TH
Ladue Rams batting - Pitching for Tulsa Otters : RHP Kingston Liniak
Batting: RHB Téo Kremer 0-0: Ball
1-0: Ball
2-0: Called Strike
2-1: Ball
3-1: Base on Balls
Batting: RHB Y-Tic Amanap 0-0: Ball
1-0: Ball
2-0: Ball
3-0: Base on Balls
Téo Kremer to second
Pinch Hitting: SHB Orlando Pereira 0-0: Foul Ball, location: 2F
0-1: Ball
1-1: Ball
2-1: Foul Ball, location: 2F
2-2: Grounds into double play, 4-6-3 (Groundball, 4D)
Téo Kremer to third
Batting: RHB Lex van Esch 0-0: Ball
1-0: Called Strike
1-1: Ball
2-1: Ball
3-1: Base on Balls
Pitching: LHP Mark Fleming
Batting: RHB Jurg Stevense 0-0: Ball
1-0: Fly out, F9 (Flyball, 9S)
Top of the 7th over - 0 runs, 0 hits, 0 errors, 2 left on base; Ladue 0 - Tulsa 1
BOTTOM OF THE 7TH
Tulsa Otters batting - Pitching for Ladue Rams : RHP Brian Guilbert
Now in LF: Dan Thompson
Batting: RHB Zee-loo Li 0-0: Called Strike
0-1: Ball
1-1: Ball
2-1: Ground out U3 (Groundball, 3)
Batting: SHB Naif Na'Il bin Musa 0-0: Ball
1-0: Foul Ball, location: 2F
1-1: DOUBLE (Line Drive, 9LM)
Pitching: LHP Denie Ulderink
Pinch Hitting: RHB David Snider 0-0: Intentional Walk
Pinch Hitting: RHB Lloyd Solleveld 0-0: Ball
1-0: Foul Ball, location: 2F
1-1: Called Strike
1-2: Strikes out swinging
Batting: RHB Fernando Montáñez 0-0: Called Strike
0-1: Called Strike
0-2: Ball
1-2: Ball
2-2: Strikes out swinging
Bottom of the 7th over - 0 runs, 1 hit, 0 errors, 2 left on base; Ladue 0 - Tulsa 1
TOP OF THE 8TH
Ladue Rams batting - Pitching for Tulsa Otters : LHP Mark Fleming
Now at 2B: Lloyd Solleveld
Now in RF: Mathis Bonnet
Batting: LHB Mihai Dumitru 0-0: Foul Ball, location: 2F
0-1: Foul Ball, location: 2F
0-2: Ground out 1-3 (Groundball, 15S)
Batting: RHB Curt Taylor 0-0: Called Strike
0-1: Called Strike
0-2: Strikes out swinging
Batting: RHB Ik-jun Cho 0-0: Called Strike
0-1: Foul Ball, location: 2F
0-2: Ground out 5-3 (Groundball, 5S)
Top of the 8th over - 0 runs, 0 hits, 0 errors, 0 left on base; Ladue 0 - Tulsa 1
BOTTOM OF THE 8TH
Tulsa Otters batting - Pitching for Ladue Rams : LHP Denie Ulderink
Batting: RHB Brian Rowe 0-0: Ball
1-0: Ball
2-0: Ground out 6-3 (Groundball, 6)
Batting: RHB Michel Morand 0-0: Ball
1-0: Ball
2-0: Ground out 6-3 (Groundball, 6)
Batting: RHB Lenny Penaligan 0-0: Called Strike
0-1: Ball
1-1: Ball
2-1: Foul Ball, location: 2F
2-2: SINGLE (Line Drive, 8LS)
Batting: RHB Louis Chevrolet 0-0: Ball
1-0: Foul Ball, location: 2F
1-1: Foul Ball, location: 2F
1-2: DOUBLE (Flyball, 8RD)
Lenny Penaligan to third
Runner from 3rd tries for Home, SAFE, no throw
Batting: RHB Zee-loo Li 0-0: Called Strike
0-1: Swinging Strike
0-2: Ball
1-2: Ground out 4-3 (Groundball, 4M)
Bottom of the 8th over - 1 run, 2 hits, 0 errors, 1 left on base; Ladue 0 - Tulsa 2
TOP OF THE 9TH
Ladue Rams batting - Pitching for Tulsa Otters : LHP Mark Fleming
Pitching: LHP Jim Stanton
Now in LF: Kristoffer Melin
Batting: LHB Qing-nian Zexian 0-0: Ball
1-0: Swinging Strike
1-1: Foul Ball, location: 2F
1-2: Ball
2-2: Strikes out swinging
Batting: RHB Téo Kremer 0-0: Ball
1-0: Foul Ball, location: 2F
1-1: Foul Ball, location: 2F
1-2: SINGLE (Flyball, 9S)
Batting: RHB Y-Tic Amanap 0-0: Ball
1-0: Foul Ball, location: 2F
1-1: Fly out, F7 (Line Drive, 7LM)
Batting: SHB Dan Thompson 0-0: Called Strike
0-1: SINGLE (Line Drive, 4MD)
Téo Kremer to second
Batting: RHB Lex van Esch 0-0: Ball
1-0: Called Strike
1-1: Ball
2-1: Swinging Strike
2-2: Strikes out swinging
Top of the 9th over - 0 runs, 2 hits, 0 errors, 2 left on base; Ladue 0 - Tulsa 2
Wednesday, September 19th, 2018 - OOTP Baseball 18.8 Build 76